 Dungeon Crawl Stone Soup version 0.29.0-4-gdea44cf6ec (webtiles) character file.

Game seed: 9064632316425681748

110 qw the Chopper (level 4, -3/26 HPs)
             Began as a Tengu Warper on Aug 28, 2022.
             Slain by Sigmund
             ... wielding a +0 scythe
              (13 damage)
             ... on level 3 of the Dungeon.
             The game lasted 00:00:19 (3361 turns).

qw the Chopper (Tengu Warper)                       Turns: 3361, Time: 00:00:20

Health: -3/26      AC:  8    Str: 13    XL:     4   Next: 91%
Magic:  8/8        EV: 10    Int: 13    God:
Gold:   149        SH:  4    Dex: 14    Spells: 7/7 levels left

rFire   . . .      SeeInvis .   Y - +1 hand axe
rCold   . . .      Faith    .   k - +0 buckler
rNeg    . . .      Spirit   .   a - +0 ring mail
rPois   .          Reflect  .   f - +2 hat
rElec   .          Harm     .   (no cloak)
rCorr   .          Rampage  .   g - +0 pair of gloves
Will    .....                   (boots unavailable)
Stlth   +.........              (no amulet)
HPRegen 0.08/turn               (no ring)
MPRegen 0.11/turn               (no ring)

@: no status effects
A: beak, talons 3
a: no special abilities


You were on level 3 of the Dungeon.
You visited 1 branch of the dungeon, and saw 3 of its levels.

You collected 149 gold pieces.


Innate Abilities, Weirdness & Mutations

You have a beak for a mouth.
You have claws for feet.


   Skills:
 - Level 2.0 Fighting
 + Level 5.2 Axes
 - Level 1.0 Throwing
 - Level 1.1 Armour
 - Level 2.1 Dodging
 - Level 1.0 Shields
 - Level 2.0 Spellcasting
 - Level 2.4 Translocations


You had 7 spell levels left.
You didn't know any spells.
Your spell library contained the following spells:

 Spells                   Type           Power      Damage    Failure   Level
 Blink                    Tloc           14%        N/A       38%         2
 Gell's Gravitas          Tloc           7%         N/A       63%         3
 Lesser Beckoning         Tloc           7%         N/A       63%         3
 Teleport Other           Tloc           7%         N/A       63%         3
 Manifold Assault         Tloc           7%         N/A       100%        5

Inventory:

Hand Weapons
 l - a +0 whip
 Y - a +1 hand axe (weapon)
Armour
 a - a +0 ring mail (worn)
 f - a +2 hat (worn)
 g - a +0 pair of gloves (worn)
 k - a +0 buckler (worn)
Scrolls
 b - a scroll of teleportation {unknown}
 e - a scroll of fear {unknown}
 i - a scroll of identify
Potions
 c - a potion of haste {unknown}
 d - a potion of curing {unknown}

Dungeon Overview and Level Annotations

Branches:
Dungeon (3/15)

Altars:

Annotations:
D:2 1 runed translucent door, Crazy Yiuf
D:3 Sigmund


Message History

A rat comes into view.
Enter note: You barely miss the rat.
You claw the rat.
You kill the rat!
You see here a rat corpse.
e - a scroll labelled FECAQI FYKODI
Enter note: Sigmund and a bat come into view.
Sigmund shouts!
Sigmund mumbles some strange words.
Sigmund flickers and vanishes!
Deactivating autopickup; reactivate with Ctrl-A.
You hit the bat.
The bat is severely wounded.
The bat hits you but does no damage. The bat closely misses you.
You miss the bat. Your peck misses the bat.
The bat is severely wounded.
The bat closely misses you. The bat barely misses you.
You block something's attack. The bat hits you but does no damage.
You barely miss the bat.
The bat is severely wounded.
The bat hits you but does no damage. The bat barely misses you.
You miss the bat. You peck the bat, but do no damage.
The bat is severely wounded.
The bat hits you but does no damage. Something hits you but does no damage.
You hit the bat.
You kill the bat!
You swing at nothing.
You hear some strange, mumbled words.
A puff of flame appears from out of thin air!
The puff of flame hits you.
You swing at nothing.
Something hits you but does no damage.
You swing at nothing.
Something hits you!
You swing at nothing.
Something hits you!
Ouch! That really hurt!
You die...

................. #.
#....#..####### ####.###
#....'.........
.......###....#.########
.......#...#.##+###
.....#...+......#
####.?{....##.....#
#.......#..##%....###
##.....%@..##........#
..........###........#
.........####........#
.....###.....###......
....#........#########
.....................
.?.##........######## .
#..........#
...#####....#


There were no monsters in sight!

Vanquished Creatures
  5 adders (D:2)
  A worm (D:2)
  4 dart slugs
  2 ball pythons (D:1)
  7 endoplasms
  7 goblins
  3 hobgoblins
  3 quokkas (D:1)
  7 bats
  A frilled lizard (D:1)
  9 kobolds
  5 rats
54 creatures vanquished.

Notes
Turn   | Place    | Note
-------+----------+-------------------------------------------
     0 | D:1      | qw the Tengu Warper began the quest for the Orb.
     0 | D:1      | Reached XP level 1. HP: 12/12 MP: 4/4
     0 | D:1      | 0 ||| qw: Version: 0.1-a-89-g26bdef1
     0 | D:1      | 0 ||| qw: Game counter: 538
     0 | D:1      | 0 ||| qw: Always use a shield: true
     0 | D:1      | 0 ||| qw: God list: Okawaru
     0 | D:1      | 0 ||| qw: Allow faded altars: false
     0 | D:1      | 0 ||| qw: Do Orc after D:15 true
     0 | D:1      | 0 ||| qw: Do second Lair branch before Depths: true
     0 | D:1      | 0 ||| qw: Lair rune preference: random
     0 | D:1      | 0 ||| qw: Plans: Normal
     0 | D:1      | 0 ||| PLANNING D:1-11
    55 | D:1      | 55 ||| Stepping ~*~*~tactically~*~*~ (stealth).
    56 | D:1      | 56 ||| Stepping ~*~*~tactically~*~*~ (stealth).
    78 | D:1      | Reached skill level 3 in Axes
    78 | D:1      | Reached XP level 2. HP: 17/17 MP: 6/6
   125 | D:1      | 125 ||| Stepping ~*~*~tactically~*~*~ (stealth).
   126 | D:1      | 126 ||| Stepping ~*~*~tactically~*~*~ (stealth).
   131 | D:1      | 131 ||| Stepping ~*~*~tactically~*~*~ (stealth).
   132 | D:1      | 132 ||| Stepping ~*~*~tactically~*~*~ (stealth).
   326 | D:1      | HP: 3/17 [kobold/+0 short sword (2)]
   629 | D:1      | 629 ||| Stepping ~*~*~tactically~*~*~ (stealth).
   630 | D:1      | 630 ||| Stepping ~*~*~tactically~*~*~ (stealth).
   631 | D:1      | 631 ||| Stepping ~*~*~tactically~*~*~ (stealth).
   634 | D:1      | 634 ||| Stepping ~*~*~tactically~*~*~ (stealth).
   636 | D:1      | 636 ||| Stepping ~*~*~tactically~*~*~ (stealth).
   750 | D:1      | 750 ||| Stepping ~*~*~tactically~*~*~ (stealth).
   988 | D:1      | You fall into a shaft and drop 1 floor!
  1006 | D:2      | Reached XP level 3. HP: 13/21 MP: 7/7
  1115 | D:2      | 1115 ||| Stepping ~*~*~tactically~*~*~ (hiding).
  1217 | D:2      | 1217 ||| Stepping ~*~*~tactically~*~*~ (hiding).
  1319 | D:2      | 1319 ||| Stepping ~*~*~tactically~*~*~ (hiding).
  1320 | D:2      | 1320 ||| Stepping ~*~*~tactically~*~*~ (hiding).
  1323 | D:2      | 1323 ||| Stepping ~*~*~tactically~*~*~ (hiding).
  1443 | D:2      | 1443 ||| DROPPING +0 club.
  1487 | D:2      | Reached skill level 4 in Axes
  1511 | D:2      | Found a runed translucent door.
  1512 | D:2      | Noticed Crazy Yiuf
  1639 | D:2      | 1639 ||| UPGRADING to +0 pair of gloves.
  1644 | D:2      | 1644 ||| UPGRADING to +0 buckler.
  1649 | D:2      | 1649 ||| DROPPING ring of wizardry.
  1650 | D:2      | 1650 ||| DROPPING ring of magical power.
  1651 | D:2      | 1651 ||| READING scroll labelled AWKAVAJ UTHI.
  1752 | D:2      | 1752 ||| READING 2 scrolls labelled FAULIF BYOKH.
  1753 | D:2      | 1753 ||| DROPPING scroll of blinking.
  1976 | D:1      | Reached XP level 4. HP: 26/26 MP: 8/8
  2011 | D:1      | 2011 ||| Stepping ~*~*~tactically~*~*~ (hiding).
  2113 | D:1      | 2113 ||| Stepping ~*~*~tactically~*~*~ (hiding).
  2215 | D:1      | 2215 ||| Stepping ~*~*~tactically~*~*~ (hiding).
  2226 | D:1      | Reached skill level 1 in Shields
  2294 | D:1      | 2294 ||| READING 2 scrolls of identify.
  2294 | D:1      | 2294 ||| IDENTIFYING fuming cyan potion
  2295 | D:1      | 2295 ||| DROPPING potion of attraction.
  2483 | D:2      | 2483 ||| FLEEEEING.
  2484 | D:2      | 2484 ||| STAIRDANCE
  2914 | D:2      | Reached skill level 5 in Axes
  2914 | D:2      | 2914 ||| FLEEEEING.
  2915 | D:2      | 2915 ||| FLEEEEING.
  2916 | D:2      | 2916 ||| FLEEEEING.
  2917 | D:2      | 2917 ||| FLEEEEING.
  2918 | D:2      | 2918 ||| FLEEEEING.
  2923 | D:2      | 2923 ||| FLEEEEING.
  2926 | D:2      | 2926 ||| FLEEEEING.
  2929 | D:2      | 2929 ||| FLEEEEING.
  2930 | D:2      | 2930 ||| FLEEEEING.
  2931 | D:2      | 2931 ||| FLEEEEING.
  2932 | D:2      | 2932 ||| FLEEEEING.
  2933 | D:2      | 2933 ||| FLEEEEING.
  2934 | D:2      | 2934 ||| FLEEEEING.
  2935 | D:2      | 2935 ||| FLEEEEING.
  2936 | D:2      | 2936 ||| FLEEEEING.
  2937 | D:2      | 2937 ||| FLEEEEING.
  2938 | D:2      | 2938 ||| FLEEEEING.
  2942 | D:2      | 2942 ||| FLEEEEING.
  2943 | D:2      | 2943 ||| FLEEEEING.
  2944 | D:2      | 2944 ||| FLEEEEING.
  2945 | D:2      | 2945 ||| FLEEEEING.
  2946 | D:2      | 2946 ||| FLEEEEING.
  2947 | D:2      | 2947 ||| FLEEEEING.
  2948 | D:2      | 2948 ||| STAIRDANCE
  2984 | D:1      | 2984 ||| UPGRADING to +0 ring mail.
  2994 | D:1      | 2994 ||| DROPPING +0 leather armour.
  2995 | D:1      | 2995 ||| UPGRADING to +2 hat.
  3000 | D:1      | 3000 ||| READING scroll labelled IDOERE AJOBAVU.
  3259 | D:2      | 3259 ||| DROPPING amulet of faith.
  3350 | D:3      | Noticed Sigmund
  3361 | D:3      | Slain by Sigmund

Levels and vault maps discovered:
D:1:      giann_wishing_wells, layout_rooms
D:2:      layout_loops_ring, uniq_crazy_yiuf_cottage
D:3:      layout_basic, uniq_sigmund

Skill      XL: |  1  2  3  4 |
---------------+-------------+-----
Axes           | 3 4 5 |  5.2
Shields        | 1 |  1.0
Fighting       | |  2.0
Throwing       | |  1.0
Armour         | |  1.1
Dodging        | |  2.1
Spellcasting   | |  2.0
Translocations | |  2.4

Action                   |  1- 3 |  4- 6 || total
-------------------------+-------+-------++-------
Melee: Hand axe          |    87 |    50 ||   137
       Kick              |    16 |    11 ||    27
       Peck              |    11 |    12 ||    23
Throw: Boomerang         |     7 |       ||     7
  Use: Scroll            |     2 |     2 ||     4
Armor: Leather armour    |    21 |    15 ||    36
       Ring mail         |       |    11 ||    11
Dodge: Dodged            |    43 |    29 ||    72
Block: Buckler           |     1 |     8 ||     9

Table legend:
 A = Non-vault XP
 B = Vault XP
 C = Vault XP percentage of total XP
 D = Non-vault monster count
 E = Vault monster count
 F = Vault count percentage of total count
                 A         B        C        D         E       F
            +---------+---------+-------+---------+---------+-------
      Total |     158 |       0 |   0.0 |      54 |       0 |   0.0
            +---------+---------+-------+---------+---------+-------
        D:1 |      50 |       0 |   0.0 |      27 |       0 |   0.0
        D:2 |      98 |       0 |   0.0 |      22 |       0 |   0.0
        D:3 |      10 |       0 |   0.0 |       5 |       0 |   0.0
            +---------+---------+-------+---------+---------+-------
